 Dungeon Crawl Stone Soup version 0.26.0-45-g9c1d065592 (webtiles) character file.

Game seed: 954662019800987525

(classic levelgen) 50 thiole the Stinger (level 3, -3/24 HPs)
             Began as an Octopode Venom Mage on Jan 30, 2021.
             Killed from afar by an orc wizard (8 damage)
             ... with a magic dart
             ... on level 2 of the Dungeon.
             The game lasted 00:01:39 (1390 turns).

thiole the Stinger (Octopode Venom Mage)            Turns: 1390, Time: 00:01:39

Health: -3/24      AC:  1    Str:  7    XL:     3   Next: 79%
Magic:  1/6        EV: 13    Int: 18    God:
Gold:   91         SH:  0    Dex: 12    Spells: 5/6 levels left

rFire    . . .     SeeInvis .   (no weapon)
rCold    . . .     Faith    .   (no shield)
rNeg     . . .     Spirit   .   (helmet restricted)
rPois    .         Reflect  .   (no amulet)
rElec    .         Harm     .   (no ring)
rCorr    .         Rampage  .   (no ring)
Will     .....                  (no ring)
Stlth    +.........             (no ring)
HPRegen  0.08/turn              (no ring)
MPRegen  0.10/turn              (no ring)
                                (no ring)
                                (no ring)

@: glowing
A: almost no armour, stealthy swim, amphibious, 8 rings, constrict 8, camouflage
1, gelatinous body 1
a: no special abilities


You were on level 2 of the Dungeon.
You visited 1 branch of the dungeon, and saw 2 of its levels.

You collected 91 gold pieces.

Inventory:

Jewellery
 h - an uncursed amulet of guardian spirit {unknown}
Scrolls
 c - 2 scrolls of remove curse {unknown}
 d - 2 scrolls of identify {unknown}
 g - a scroll of teleportation {unknown}
 k - a scroll of amnesia {unknown}
 l - a scroll of fog {unknown}
 m - a scroll of magic mapping {unknown}
Potions
 a - a potion of cancellation {unknown}
 b - 2 potions of heal wounds {unknown}
 e - a potion of lignification {unknown}
 f - a potion of degeneration {unknown}
 i - a potion of ambrosia {unknown}
 j - a potion of invisibility {unknown}
 n - a potion of curing {unknown}


   Skills:
 - Level 2.0 Fighting
 - Level 2.0 Dodging
 - Level 2.6 Stealth
 - Level 2.0 Spellcasting
 + Level 1.8 Transmutations
 + Level 1.3 Fire Magic
 - Level 4.0 Poison Magic


You had 5 spell levels left.
You knew the following spells:

 Your Spells              Type           Power        Failure   Level
a - Sting                 Tmut/Pois      48%          5%          1

Your spell library contained the following spells:

 Spells                   Type           Power        Failure   Level
 Poisonous Vapours        Pois/Air       18%          12%         2
 Ignite Poison            Fire/Tmut/Pois 10%          21%         3
 Mephitic Cloud           Conj/Pois/Air  6%           32%         3
 Olgreb's Toxic Radiance  Pois           16%          34%         4


Dungeon Overview and Level Annotations

Branches:
Dungeon (2/15)

Altars:
Xom
Zin


Innate Abilities, Weirdness & Mutations

You cannot wear most types of armour.
You are very stealthy in the water. (Stealth+)
You are amphibious.
You can wear up to eight rings at the same time.
You can use your tentacles to constrict eight enemies at once.
Your skin changes colour to match your surroundings (Stealth+).
Your rubbery body absorbs attacks. (AC +1, EV +1)


Message History

The orc wizard hits you with a +0 dagger.
You tentacle-slap the orc wizard but do no damage.
The orc wizard is heavily wounded.
You constrict the orc wizard.
The orc hits you from afar with a +0 trident.
* * * LOW HITPOINT WARNING * * *
The orc wizard gestures wildly while chanting.
The orc wizard blinks free!
Casting: Sting (safe; 5% risk of failure)
Confirm with . or Enter, or press ? or * to list all spells.
You don't have enough magic to cast that spell.
Unknown command.
Attack: -) Tentacles
Press: ? - help, Dir - move target, f - orc, p - orc wizard
Aim: an orc, wielding a +0 trident and wearing a +0 leather armour (haloed)
Your weapon can't reach that far!
Okay, then.
The orc wizard gestures at you while chanting.
The magic dart hits you!
You die...

#........# #.######.#
#.# #.#
#.######.######
#.##..........###
#####.##.##..##)#.#.##
#.....##.##..##)#.....
#.###...o..).##.#....)
#.#..@....#.###.......
#....._...........#...
#..o#####...#######...
#..)#...#...# #.##
#...#A..#...# #+#
##..#...#..##
#..#####..#
#.?.._....#
##........#


You could see an angel (confused), an orc wizard (poisoned) and an orc.

Vanquished Creatures
  2 leopard geckos (D:1)
  2 orcs (D:2)
  9 giant cockroaches (D:2)
  5 goblins
  3 hobgoblins (D:1)
  4 jackals (D:2)
  4 bats (D:1)
  3 frilled lizards
  5 kobolds
  3 rats (D:1)
40 creatures vanquished.

Notes
Turn   | Place    | Note
-------+----------+-------------------------------------------
     0 | D:1      | thiole the Octopode Venom Mage began the quest for the Orb.
     0 | D:1      | Reached XP level 1. HP: 11/11 MP: 3/3
   107 | D:1      | Reached skill level 4 in Poison Magic
   208 | D:1      | Reached skill level 1 in Fighting
   208 | D:1      | Reached XP level 2. HP: 18/18 MP: 3/5
   690 | D:1      | Reached XP level 3. HP: 24/24 MP: 2/6
  1109 | D:2      | Reached skill level 1 in Fire Magic
  1351 | D:2      | Found a glowing silver altar of Zin.
  1352 | D:2      | Noticed an angel
  1378 | D:2      | Found a shimmering altar of Xom.
  1390 | D:2      | Killed from afar by an orc wizard

Illustrated notes

Levels and vault maps discovered:
D:1:      psy_arrival_statuary, layout_rooms
D:2:      minmay_roachtagon, layout_loops_corners,
          grunt_temple_overflow_order_and_chaos_1,
          nicolae_ru_sacrificial_ziggurat

Skill      XL: |  1  2  3 |
---------------+----------+-----
Poison Magic   | 4 |  4.0
Fighting       | 1 2 |  2.0
Fire Magic     | 1 |  1.3
Dodging        | |  2.0
Stealth        | |  2.6
Spellcasting   | |  2.0
Transmutations | |  1.8

Action                   || total
-------------------------++-------
Melee: Unarmed           ||    45
       Tentacles         ||    12
       Constrict         ||    15
 Cast: Sting             ||    49
Armor: Skin              ||     6
Dodge: Dodged            ||    34
